 Dungeon Crawl Stone Soup version 0.22-a0-601-gb0ed703 (webtiles) character file.

139 royokou the Chopper (level 5, -11/45 HPs)
             Began as a Minotaur Chaos Knight on July 6, 2018.
             Engulfed by a cloud of flame (19 damage)
             ... on level 3 of the Dungeon.
             The game lasted 00:07:44 (2049 turns).

royokou the Chopper (Minotaur Chaos Knight)         Turns: 2049, Time: 00:07:45

Health: -11/45     AC:  8    Str: 18    XL:     5   Next: 1%
Magic:  4/4        EV:  2    Int:  9    God:    Xom [.*....]
Gold:   185        SH: 11    Dex:  9    Spells: 4/4 levels left

rFire    . . .     SeeInvis .   a - +0 hand axe (chaos)
rCold    . . .     Gourm    .   g - +0 large shield
rNeg     . . .     Faith    .   l - +0 chain mail
rPois    .         Spirit   .   (helmet restricted)
rElec    .         Reflect  .   (no cloak)
rCorr    .         Harm     .   q - -1 pair of gloves (curse)
MR       .....                  (no boots)
Stlth    ..........             (no amulet)
HPRegen  0.15/turn              (no ring)
MPRegen  0.09/turn              (no ring)

@: no status effects
A: retaliatory headbutt, horns 2, screaming 1
a: Renounce Religion


You were on level 3 of the Dungeon.
You worshipped Xom.
You were a plaything of Xom.
You were not hungry.

You visited 1 branch of the dungeon, and saw 3 of its levels.
You visited the Abyss 1 time.

You collected 185 gold pieces.

Inventory:

Hand Weapons
 a - a +0 hand axe of chaos (weapon)
Armour
 b - a +2 leather armour
 g - a +0 large shield (worn)
 l - a +0 chain mail (worn)
 q - a cursed -1 pair of gloves (worn)
Scrolls
 d - 9 scrolls of identify {unknown}
 f - 2 scrolls of teleportation {unknown}
 h - a scroll of magic mapping {unknown}
 i - 2 scrolls of enchant armour {unknown}
 k - a scroll of fear {unknown}
 m - a scroll of blinking {unknown}
 n - 4 scrolls of enchant weapon {unknown}
 o - a scroll of amnesia {unknown}
Potions
 e - a potion of flight {unknown}
 j - a potion of degeneration {unknown}
 p - a potion of agility {unknown}
Comestibles
 c - 5 rations
 r - a chunk of flesh


   Skills:
 - Level 3.6 Fighting
 + Level 6.9 Axes
 - Level 2.4 Armour
 - Level 1.1 Dodging


You had 4 spell levels left.
You didn't know any spells.
Your spell library was empty.

Dungeon Overview and Level Annotations

Branches:
Dungeon (3/15)

Altars:
Elyvilon


Innate Abilities, Weirdness & Mutations

You reflexively headbutt those who attack you in melee.
You have a pair of horns on your head.
You occasionally shout uncontrollably at your foes.


Message History

r - 2 chunks of flesh Eating one of 2 chunks of flesh.
You eat one of the 2 chunks of flesh.
This raw flesh tastes terrible.
Found a stone staircase leading down.
There is a stone staircase leading down here.
You see here a club.
A rat comes into view.
Press: ? - help, v - describe, . - travel
Here: a rat The floor.
Found 20 gold pieces.
A rat is nearby!
Really walk into a travel-excluded area?
You are engulfed in blazing flames.
Ouch! That really hurt!
You are engulfed in blazing flames.
* * * LOW HITPOINT WARNING * * *
You are engulfed in blazing flames.
You die...
Xom is highly amused!

#####..####.#
#.# #.#
#...###.#######
#.# #.#
#.............#
#.#####.#
#...###.#####.#
#.......#
#.#####.# ##.##
#..######
#......## #...#
##.# ########
#§§§# #.# ##
#§§§# #.# .#
#@§§# #.# .#
#r..#####.# .##
.....§§§..# ..#
§.$(?.§§§..#
#.#
§§..[[.§§§.##
#.####
####...#####
.....# #§§§#
#.##.# #§§§#
#.##.#


You could see a rat.

Vanquished Creatures
  5 adders
  An ooze (D:2)
  2 worms (D:2)
  3 dart slugs
  2 leopard geckos (D:2)
  3 orcs (D:3)
  10 bats
  A giant cockroach (D:1)
  7 goblins
  8 hobgoblins
  10 jackals
  4 kobolds (D:1)
  2 quokkas (D:3)
  A ball python (D:2)
  3 frilled lizards
  9 rats
71 creatures vanquished.

Vanquished Creatures (others)
  A frilled lizard (D:3)
  A fire vortex (D:3)
2 creatures vanquished.

Grand Total: 73 creatures vanquished

Notes
Turn   | Place    | Note
-------+----------+-------------------------------------------
     0 | D:1      | royokou the Minotaur Chaos Knight began the quest for the Orb.
     0 | D:1      | Reached XP level 1. HP: 19/19 MP: 0/0
    22 | D:1      | Reached skill level 4 in Axes
    25 | D:1      | Reached XP level 2. HP: 24/26 MP: 1/1
   434 | D:1      | XOM: divination: magic mapping
   654 | D:1      | Reached skill level 5 in Axes
   767 | D:2      | Reached XP level 3. HP: 29/31 MP: 2/2
   872 | D:2      | XOM: silly message
   897 | D:2      | Reached skill level 6 in Axes
   897 | D:2      | Reached XP level 4. HP: 39/39 MP: 3/3
   943 | D:2      | XOM: harmless Air miscast
   948 | D:2      | XOM: medium Tloc miscast
   948 | D:2      | Cast into level 1 of the Abyss (the capriciousness of Xom)
   948 | D:2      | Escaped the Abyss
   948 | D:2      | XOM: revert banishment
   958 | D:2      | Found a white marble altar of Elyvilon.
  1003 | D:2      | XOM: harmless Conj miscast
  1158 | D:2      | XOM: harmless Hex miscast
  1426 | D:3      | XOM: 1-stop teleportation journey
  1481 | D:3      | XOM: give mutation
  1481 | D:3      | Gained mutation: You occasionally shout uncontrollably at your foes. [Xom's mischief]
  1844 | D:3      | XOM: mild Fire miscast
  1917 | D:3      | Reached XP level 5. HP: 32/45 MP: 4/4
  2049 | D:3      | Engulfed by a cloud of flame

Vault maps used:
D:1:      lightli_arrival_maybe_door_vault
D:2:      elyvilon_altar_3
D:3:      lemuel_flame_loot_1

Skill      XL: |  1  2  3 |
---------------+----------+-----
Axes           | 4 5 6 |  6.9
Fighting       | |  3.6
Armour         | |  2.4
Dodging        | |  1.1

Action                   |  1- 3 |  4- 6 || total
-------------------------+-------+-------++-------
Melee: Hand axe          |   107 |    65 ||   172
       Headbutt          |    10 |     8 ||    18
  Eat: Chunk             |       |     4 ||     4
Armor: Leather armour    |    33 |       ||    33
       Chain mail        |       |    37 ||    37
Dodge: Dodged            |    31 |     7 ||    38
Block: Large shield      |    48 |    53 ||   101

Table legend:
 A = Spawn XP
 B = Non-spawn XP
 C = Spawn XP percentage of total XP
 D = Spawn monster count
 E = Non-spawn monster count
 F = Spawn count percentage of total count
 G = Total turns spent on level
                    A         B        C        D         E        F      G
               +---------+---------+-------+---------+---------+-------+---------
         Total |       0 |     199 |   0.0 |       0 |      71 |   0.0 |  2049
               +---------+---------+-------+---------+---------+-------+---------
           D:1 |       0 |      37 |   0.0 |       0 |      21 |   0.0 |   758
           D:2 |       0 |     107 |   0.0 |       0 |      34 |   0.0 |   516
           D:3 |       0 |      55 |   0.0 |       0 |      16 |   0.0 |   775
               +---------+---------+-------+---------+---------+-------+---------
